 Dungeon Crawl Stone Soup version 0.29.1-12-g30fa7ad0bf (webtiles) character file.

Game seed: 14739298525266240996

131 growler the Cutter (level 4, -3/32 HPs)
             Began as a Demonspawn Wanderer on Jan 10, 2023.
             Was an Initiate of Gozag.
             Killed by nerve-wracking pain
             ... invoked by an orc priest
              (9 damage)
             ... on level 4 of the Dungeon.
             The game lasted 00:04:38 (4156 turns).

growler the Cutter (Demonspawn Wanderer)            Turns: 4156, Time: 00:04:39

Health: -3/32      AC:  2    Str: 13    XL:     4   Next: 91%
Magic:  5/5        EV: 12    Int: 15    God:    Gozag
Gold:   203        SH:  4    Dex: 12    Spells: 4/5 levels left

rFire   . . .      SeeInvis .   j - +0 dagger (venom)
rCold   . . .      Faith    .   (no shield)
rNeg    . . .      Spirit   .   e - +0 robe
rPois   .          Reflect  .   (no helmet)
rElec   .          Harm     .   (no cloak)
rCorr   .          Rampage  .   (no gloves)
Will    .....                   (no boots)
Stlth   +.........              (no amulet)
HPRegen 0.10/turn               (no ring)
MPRegen 0.09/turn               (no ring)

@: gold aura, studying Maces & Flails
A: large bone plates 1, demonic guardian 1
a: Renounce Religion, Potion Petition, Call Merchant, Bribe Branch


You were on level 4 of the Dungeon.
You worshipped Gozag.
Gozag was aware of your devotion.
You visited 1 branch of the dungeon, and saw 4 of its levels.

You collected 309 gold pieces.
You paid 106 gold pieces to Gozag.

Inventory:

Hand Weapons
 a - a +2 dagger
 j - a +0 dagger of venom (weapon)
Missiles
 b - 3 curare-tipped darts (quivered)
Armour
 e - a +0 robe (worn)
Jewellery
 u - an amulet of reflection
Wands
 c - a wand of polymorph (6)
Scrolls
 f - 5 scrolls of teleportation {unknown}
 h - 2 scrolls of poison {unknown}
 i - 2 scrolls of fear {unknown}
 p - a scroll of immolation {unknown}
 q - a scroll of fog {unknown}
 r - a scroll of silence {unknown}
 t - a scroll of magic mapping {unknown}
 v - a scroll of identify {unknown}
 w - a scroll of blinking {unknown}
Potions
 d - 5 potions of attraction
 g - a potion of invisibility {unknown}
 k - a potion of berserk rage {unknown}
 l - a potion of heal wounds {unknown}
 m - a potion of curing {unknown}
 n - a potion of brilliance {unknown}
 o - a potion of degeneration {unknown}
 s - a potion of flight {unknown}


   Skills:
 - Level 1.0 Fighting
 + Level 4.2 Short Blades
 - Level 2.6 Throwing
 - Level 1.7 Dodging
 - Level 1.0 Spellcasting
 - Level 1.0 Transmutations
 - Level 2.0 Evocations


You had 4 spell levels left.
You knew the following spells:

 Your Spells              Type           Power      Damage    Failure   Level
a - Beastly Appendage     Tmut           6%         N/A       16%         1

Your spell library contained the following spells:

 Spells                   Type           Power      Damage    Failure   Level
 Spider Form              Tmut/Pois      2%         N/A       52%         3
 Blade Hands              Tmut           1%         N/A       99%         5
 Irradiate                Conj/Tmut      1%         3d12      99%         5
 Dragon Form              Tmut           1%         N/A       100%        7


Dungeon Overview and Level Annotations

Branches:
Dungeon (4/15)
 Temple: D:4-7

Altars:
Gozag
Okawaru
Vehumet
Wu Jian
Yredelemnul

Shops:
D:3 =


Innate Abilities, Weirdness & Mutations

You are partially covered in large bone plates. (SH +4)
A weak demonic guardian rushes to your aid.


Message History

The orc shouts!
The orc priest hits you with a +0 flail!
The orc priest hits you with a +0 hand axe.
Your quasit bites the orc priest but does no damage.
Your quasit barely misses the orc priest.
Your quasit claws the orc priest but does no damage.
You hit the orc priest.
The orc priest is lightly wounded.
Your quasit bites the orc priest but does no damage.
Your quasit barely misses the orc priest.
Your quasit claws the orc priest but does no damage.
You hit the orc priest.
The orc priest is poisoned.
The orc priest is moderately wounded.
The orc priest hits you with a +0 flail.
You block the orc priest's attack.
Your quasit bites the orc priest but does no damage.
Your quasit claws the orc priest but does no damage.
Your quasit closely misses the orc priest.
You barely miss the orc priest.
The orc priest is moderately wounded.
The orc priest closely misses you.
The orc priest hits you with a +0 hand axe.
* * * LOW HITPOINT WARNING * * *
Your quasit bites the orc priest but does no damage.
Your quasit claws the orc priest but does no damage.
Your quasit barely misses the orc priest.
You hit the orc priest.
The orc priest looks as sick as possible!
The orc priest is heavily wounded.
The orc priest calls upon Beogh to heal the orc priest.
The orc priest is healed somewhat.
The orc priest barely misses you.
Your quasit closely misses the orc priest.
Your quasit barely misses the orc priest.
Your quasit closely misses the orc priest.
Your quasit bites the orc priest.
Your quasit claws the orc priest but does no damage. x2
The orc priest calls down the wrath of Beogh upon you.
Pain shoots through your body!
You die...
Your body crumbles into a pile of gold.

# #.# #.#####.#...######
## #.# #...........# .##
#.# .##.##.##..### ._# #.#
##.##.##..... .## #.#
#..>......##.# ##
#.##########.#..##.##### #
# #.##.........#..##.#
#.##.#########o.[#.#
#####)##....$$$$@.oo#..#
.........########5#...#...
########## #.###..### ##.
.#.# ## ... ###


You could see 2 orc priests, an orc and a friendly quasit (summoned).

Vanquished Creatures
  3 adders
  An ufetubus (D:4)
  A worm (D:2)
  7 orcs (D:4)
  7 ball pythons
  6 bats
  7 endoplasms
  4 giant cockroaches
  5 goblins
  5 hobgoblins
  7 quokkas
  A frilled lizard (D:2)
  5 kobolds
  4 rats
63 creatures vanquished.

Vanquished Creatures (collateral kills)
  An adder (D:4)
  An endoplasm (D:4)
  A giant cockroach (D:4)
  A kobold (D:3)
  2 quokkas
6 creatures vanquished.

Grand Total: 69 creatures vanquished

Notes
Turn   | Place    | Note
-------+----------+-------------------------------------------
     0 | D:1      | growler the Demonspawn Wanderer began the quest for the
                  | Orb.
     0 | D:1      | growler set off with the following items: a +2 dagger, 3
                  | curare-tipped darts, a wand of polymorph (6), a potion of
                  | attraction, a +0 robe; and the following spell memorised:
                  | Beastly Appendage; and the following spells available to
                  | memorise: Spider Form.
     0 | D:1      | Reached XP level 1. HP: 15/15 MP: 2/2
   101 | D:1      | Reached skill level 1 in Short Blades
   130 | D:1      | Gained mutation: A weak demonic guardian rushes to your
                  | aid. [demonic ancestry]
   130 | D:1      | Reached XP level 2. HP: 11/21 MP: 3/3
   678 | D:1      | Reached skill level 2 in Short Blades
  1234 | D:1      | Reached XP level 3. HP: 26/26 MP: 4/4
  1474 | D:2      | Found a faded altar of an unknown god.
  2536 | D:3      | Reached skill level 3 in Short Blades
  2751 | D:3      | Found Zialen's Jewellery Boutique.
  2855 | D:3      | Gained mutation: You are partially covered in large bone
                  | plates. (SH +4) [demonic ancestry]
  2855 | D:3      | Reached XP level 4. HP: 31/32 MP: 5/5
  3185 | D:4      | Found an ornate altar of the Wu Jian Council.
  3197 | D:4      | Found an opulent altar of Gozag.
  3202 | D:4      | Became a worshipper of Gozag Ym Sagoz the Greedy
  3273 | D:4      | Found an iron altar of Okawaru.
  3273 | D:4      | Found a basalt altar of Yredelemnul.
  3274 | D:4      | Found a radiant altar of Vehumet.
  3913 | D:4      | Reached skill level 4 in Short Blades
  4156 | D:4      | Killed from afar by an orc priest

Illustrated notes

Levels and vault maps discovered:
D:1:      minmay_arrival_checkered_box, layout_loops_cross,
          chequers_serial_rivers_micro_c, minmay_crystal_room, minmay_domino_4
D:2:      layout_basic, basic_altar, dreamdust_ecumenical_altar_statues,
          kennysheep_nondescript, minmay_misc_feat_iff
D:3:      layout_loops_cross, serial_shops, shop
D:4:      layout_loops_ring, amethyst_overflow_temple_binary,
          gammafunk_temple_overflow_forgotten, amcnicky_altar_gilded,
          minmay_temple_entry_glassed_door

Skill      XL: |  1  2  3  4 |
---------------+-------------+-----
Short Blades   | 1 2 3 4 |  4.2
Fighting       | |  1.0
Throwing       | |  2.6
Dodging        | |  1.7
Spellcasting   | |  1.0
Transmutations | |  1.0
Evocations     | |  2.0

Action                   |  1- 3 |  4- 6 || total
-------------------------+-------+-------++-------
Melee: Dagger            |   152 |    82 ||   234
       Punch             |     3 |       ||     3
Throw: Dart              |     1 |       ||     1
 Stab: Sleeping          |     4 |       ||     4
       Distracted        |       |     2 ||     2
Armor: Robe              |    28 |    12 ||    40
Dodge: Dodged            |    90 |    48 ||   138
Block: Other             |       |     6 ||     6
